cohdb
Replays
Latest Replays
All Replays
Popular Replays
Top Player Replays
Match Explorer
How It Works
Community
CoH3 Stats
Reddit
Sign in to upload your games and track your stats! →
Sign in with Steam
Match 44059148
Unlisted
Match 44059148
Overview
Messages
Build Orders
End
Kradschützen Motorcycle Team
Selects Panzerjäger Kommand Battlegroup
Selects Blockade Equipment
Panzerpioneer Squad
250 Light Carrier
250 Light Carrier
Construct Light Support Kompanie
Selects GrB 39 Grenade Launcher Requisition
Combat Half-tracks
Fire Support Elements
Advanced Field Repairs
Panzerjäger Mechanized Group
Flakvierling Half-track
Kradschützen Motorcycle Team
Veteran Squad Leaders
Selects Crew Shock Tactics
Vehicle Survival Package
Construct Panzerarmee Kommand
Rapid Advance
Panzerjäger Mechanized Group
Panzer III L Medium Tank
Crew Shock Tactics
Emergency Repair Kits
Panzer III L Medium Tank
Armored Reserves
LECHU
ShiningRay
pkt
zuikaku0302
concrusher
JollyRedRockett
slayermj12
[REDACTED]
0
0
Comments
sign in to comment!
No comments posted yet!